[ AOE2 MATCH · #463528903 ]
Team RMBritons vs Persians
[ REPLAY ANALYSIS · EXTRACTED FROM THE RECORDED GAME ]
Feudal
—
Castle
—
Imperial
—
| APM avg | 29.3 |
| APM peak | 72 |
| eAPM avg | 11.7 |
| Villagers / military | 114 / 153 |
Focus
⚔️ 27.1% · 🌾 72.9%
Longbowman ×101 · Spearman ×43 · Trebuchet (Packed) ×6 · Trade Cart ×5 · Mangonel ×2 · Militia ×1
Feudal
8:44
Castle
15:59
Imperial
28:10
| APM avg | 25.2 |
| APM peak | 63 |
| eAPM avg | 12.5 |
| Villagers / military | 98 / 164 |
Focus
⚔️ 24.8% · 🌾 75.2%
Scout Cavalry ×75 · Scorpion ×74 · Ballista Elephant ×11 · Trebuchet (Packed) ×2 · Monk ×1 · Battle Elephant ×1
Feudal
8:55
Castle
14:30
Imperial
35:24
| APM avg | 29.2 |
| APM peak | 76 |
| eAPM avg | 20.0 |
| Villagers / military | 125 / 260 |
Focus
⚔️ 47.7% · 🌾 52.3%
Skirmisher ×210 · Boyar ×41 · Mangonel ×5 · Trebuchet (Packed) ×3 · Monk ×1
Feudal
10:07
Castle
13:37
Imperial
18:03
| APM avg | 26.5 |
| APM peak | 56 |
| eAPM avg | 20.0 |
| Villagers / military | 135 / 112 |
Focus
⚔️ 27.2% · 🌾 72.8%
Janissary ×52 · Bombard Cannon ×32 · Scout Cavalry ×20 · Trade Cart ×6 · Monk ×4 · Militia ×4
Feudal
7:47
Castle
13:49
Imperial
—
| APM avg | 39.9 |
| APM peak | 69 |
| eAPM avg | 22.4 |
| Villagers / military | 43 / 99 |
Focus
⚔️ 35.3% · 🌾 64.7%
Knight ×56 · Battering Ram ×14 · Throwing Axeman ×12 · Petard ×9 · Monk ×4 · Spearman ×4
Feudal
7:41
Castle
15:03
Imperial
37:56
| APM avg | 30.3 |
| APM peak | 66 |
| eAPM avg | 19.5 |
| Villagers / military | 95 / 61 |
Focus
⚔️ 19.6% · 🌾 80.4%
Longbowman ×54 · Mangonel ×6 · Trade Cart ×3 · Battering Ram ×1
Feudal
9:09
Castle
18:54
Imperial
32:36
| APM avg | 22.4 |
| APM peak | 72 |
| eAPM avg | 11.9 |
| Villagers / military | 83 / 87 |
Focus
⚔️ 17.9% · 🌾 82.1%
Mameluke ×79 · Trade Cart ×10 · Bombard Cannon ×7 · Monk ×1
Feudal
8:26
Castle
13:10
Imperial
26:55
| APM avg | 19.2 |
| APM peak | 70 |
| eAPM avg | 10.5 |
| Villagers / military | 106 / 59 |
Focus
⚔️ 18.0% · 🌾 82.0%
Skirmisher ×22 · Scout Cavalry ×18 · Knight ×9 · Scorpion ×4 · Mangonel ×3 · Trebuchet (Packed) ×2
Match map
Initial resources + every placement click. Lines = walls · curves = elevation contours. ◆ gold · ⬟ stone · ● berries · ✦ relic · ◌ wall gap
Inputs per minute
— lpianistl - - Orryx
Build order — lpianistl
First 150 of 289 actions detected
| 0:01 | Create | Villager (Male) |
| 0:02 | Create | Villager (Male) |
| 0:02 | Create | Villager (Male) |
| 0:02 | Create | Villager (Male) |
| 0:03 | Create | Villager (Male) |
| 0:13 | Build | Lumber Camp |
| 0:24 | Build | Mill |
| 1:26 | Create | Villager (Male) |
| 1:27 | Create | Villager (Male) |
| 1:27 | Create | Villager (Male) |
| 1:45 | Create | Villager (Male) |
| 1:45 | Create | Villager (Male) |
| 2:04 | Create | Villager (Male) |
| 2:04 | Create | Villager (Male) |
| 2:09 | Create | Villager (Male) |
| 2:09 | Create | Villager (Male) |
| 2:31 | Create | Villager (Male) |
| 2:43 | Create | Villager (Male) |
| 2:43 | Create | Villager (Male) |
| 3:17 | Create | Villager (Male) |
| 4:27 | Create | Villager (Male) |
| 4:27 | Create | Villager (Male) |
| 4:28 | Create | Villager (Male) |
| 5:39 | Create | Villager (Male) |
| 5:39 | Create | Villager (Male) |
| 5:56 | Research | Feudal Age |
| 6:01 | Build | Mining Camp |
| 8:47 | Build | Blacksmith |
| 9:02 | Build | Archery Range |
| 9:13 | Build | Farm |
| 9:18 | Build | Farm |
| 9:29 | Research | Horse Collar |
| 9:38 | Research | Double-Bit Axe |
| 9:46 | Research | Castle Age |
| 9:51 | Build | Farm |
| 9:52 | Build | Farm |
| 10:48 | Build | Farm |
| 10:54 | Build | Farm |
| 11:32 | Create | Villager (Male) |
| 11:32 | Create | Villager (Male) |
| 12:27 | Research | Bow Saw |
| 12:27 | Research | Bow Saw |
| 12:28 | Research | Heavy Plow |
| 12:32 | Build | Town Center |
| 12:39 | Create | Longbowman |
| 12:39 | Create | Longbowman |
| 12:40 | Create | Longbowman |
| 12:40 | Create | Longbowman |
| 12:53 | Research | Fletching |
| 13:03 | Build | Town Center |
| 13:37 | Research | Stone Mining |
| 13:41 | Create | Villager (Male) |
| 13:42 | Create | Villager (Male) |
| 13:42 | Create | Villager (Male) |
| 13:56 | Build | Farm |
| 14:05 | Create | Villager (Male) |
| 14:05 | Create | Villager (Male) |
| 14:18 | Create | Villager (Male) |
| 14:35 | Create | Villager (Male) |
| 14:52 | Create | Villager (Male) |
| 14:52 | Create | Villager (Male) |
| 15:13 | Build | Stone Wall |
| 15:29 | Build | Stone Wall |
| 15:32 | Create | Villager (Male) |
| 15:32 | Create | Villager (Male) |
| 15:33 | Create | Villager (Male) |
| 15:34 | Create | Villager (Male) |
| 15:35 | Create | Villager (Male) |
| 15:35 | Create | Villager (Male) |
| 15:39 | Build | Farm |
| 15:39 | Build | Farm |
| 15:40 | Build | Farm |
| 15:40 | Build | Farm |
| 16:06 | Create | Villager (Male) |
| 16:07 | Create | Villager (Male) |
| 16:07 | Create | Villager (Male) |
| 16:14 | Build | University |
| 16:17 | Build | House |
| 16:19 | Build | House |
| 16:26 | Create | Villager (Male) |
| 16:26 | Create | Villager (Male) |
| 16:47 | Build | Barracks |
| 16:49 | Build | Barracks |
| 16:58 | Create | Villager (Male) |
| 16:58 | Create | Villager (Male) |
| 16:59 | Create | Villager (Male) |
| 17:16 | Build | Town Center |
| 17:23 | Build | Farm |
| 17:39 | Create | Villager (Male) |
| 17:40 | Create | Villager (Male) |
| 17:40 | Create | Villager (Male) |
| 17:40 | Create | Villager (Male) |
| 17:40 | Create | Villager (Male) |
| 17:57 | Build | Lumber Camp |
| 18:00 | Create | Villager (Male) |
| 18:01 | Create | Villager (Male) |
| 18:01 | Create | Villager (Male) |
| 18:16 | Build | Farm |
| 18:26 | Create | Villager (Male) |
| 18:26 | Create | Villager (Male) |
| 18:44 | Build | House |
| 18:45 | Build | House |
| 18:46 | Build | House |
| 18:48 | Build | House |
| 18:52 | Build | House |
| 18:53 | Create | Villager (Male) |
| 18:54 | Create | Villager (Male) |
| 18:54 | Create | Villager (Male) |
| 19:18 | Build | Castle |
| 19:33 | Build | Barracks |
| 19:36 | Build | Barracks |
| 19:42 | Research | Squires |
| 19:43 | Research | Pikeman (upgrade) |
| 19:43 | Create | Spearman ×2 |
| 19:44 | Create | Spearman ×2 |
| 19:51 | Build | Farm |
| 19:52 | Build | Farm |
| 19:52 | Build | Farm |
| 19:52 | Build | Farm |
| 19:58 | Create | Villager (Male) |
| 19:58 | Create | Villager (Male) |
| 20:02 | Create | Villager (Male) |
| 20:02 | Create | Villager (Male) |
| 20:32 | Build | Lumber Camp |
| 20:36 | Create | Villager (Male) |
| 20:36 | Create | Villager (Male) |
| 20:36 | Create | Villager (Male) |
| 20:37 | Create | Villager (Male) |
| 20:37 | Create | Villager (Male) |
| 20:37 | Create | Villager (Male) |
| 20:47 | Build | House |
| 20:49 | Build | House |
| 21:08 | Create | Spearman ×5 |
| 21:25 | Build | Mining Camp |
| 21:47 | Build | Farm |
| 21:48 | Build | Farm |
| 21:48 | Build | Farm |
| 21:48 | Build | Farm |
| 21:49 | Build | Farm |
| 22:08 | Create | Spearman ×5 |
| 22:14 | Create | Longbowman |
| 22:15 | Create | Longbowman |
| 22:15 | Create | Longbowman |
| 22:18 | Create | Longbowman |
| 22:18 | Create | Longbowman |
| 22:18 | Create | Longbowman |
| 22:23 | Research | Bodkin Arrow |
| 22:24 | Research | Forging |
| 22:31 | Create | Villager (Male) |
| 22:32 | Create | Villager (Male) |
Build order — Orryx
First 150 of 294 actions detected
| 0:09 | Build | Mill |
| 0:17 | Create | Villager (Male) |
| 0:17 | Create | Villager (Male) |
| 0:18 | Create | Villager (Male) |
| 0:18 | Create | Villager (Male) |
| 0:18 | Create | Villager (Male) |
| 0:30 | Build | Lumber Camp |
| 1:23 | Create | Villager (Male) |
| 1:24 | Create | Villager (Male) |
| 1:56 | Create | Villager (Male) |
| 2:20 | Create | Villager (Male) |
| 2:21 | Create | Villager (Male) |
| 2:21 | Create | Villager (Male) |
| 2:53 | Create | Villager (Male) |
| 3:02 | Research | Loom |
| 3:19 | Create | Villager (Male) |
| 3:19 | Create | Villager (Male) |
| 4:17 | Create | Villager (Male) |
| 5:20 | Create | Villager (Male) |
| 6:09 | Create | Villager (Male) |
| 6:14 | Research | Feudal Age |
| 6:30 | Build | Mining Camp |
| 6:59 | Build | Mining Camp |
| 7:30 | Create | Villager (Male) |
| 7:31 | Create | Villager (Male) |
| 8:03 | Build | House |
| 8:13 | Build | Farm |
| 8:14 | Build | Farm |
| 8:14 | Build | Farm |
| 8:14 | Build | Farm |
| 8:44 | Age | Feudal Age |
| 8:50 | Build | Stone Wall |
| 9:05 | Research | Horse Collar |
| 9:06 | Research | Double-Bit Axe |
| 9:15 | Create | Villager (Male) |
| 9:15 | Create | Villager (Male) |
| 9:16 | Create | Villager (Male) |
| 9:36 | Create | Villager (Male) |
| 9:37 | Create | Villager (Male) |
| 10:29 | Build | Farm |
| 10:29 | Build | Farm |
| 10:29 | Build | Farm |
| 10:30 | Build | Farm |
| 10:30 | Build | Farm |
| 10:30 | Build | Farm |
| 10:30 | Build | Farm |
| 10:34 | Create | Villager (Male) |
| 10:34 | Create | Villager (Male) |
| 10:53 | Build | Stone Wall |
| 11:17 | Create | Villager (Male) |
| 12:03 | Build | Lumber Camp |
| 12:08 | Create | Villager (Male) |
| 12:42 | Build | House |
| 12:43 | Build | House |
| 12:44 | Build | House |
| 12:45 | Build | House |
| 13:10 | Research | Castle Age |
| 13:18 | Research | Gold Mining |
| 13:22 | Research | Stone Mining |
| 13:35 | Build | House |
| 13:35 | Build | House |
| 13:49 | Research | Gold Mining |
| 13:59 | Research | Wheelbarrow |
| 13:59 | Research | Wheelbarrow |
| 14:53 | Build | Archery Range |
| 15:59 | Age | Castle Age |
| 16:03 | Build | Town Center |
| 16:08 | Build | Town Center |
| 16:13 | Create | Villager (Male) |
| 16:13 | Create | Villager (Male) |
| 16:14 | Create | Villager (Male) |
| 16:34 | Research | Bow Saw |
| 16:34 | Research | Bow Saw |
| 17:18 | Build | Stone Wall |
| 17:26 | Research | Heavy Plow |
| 17:51 | Create | Villager (Male) |
| 18:02 | Build | Town Center |
| 18:07 | Create | Villager (Male) |
| 18:07 | Create | Villager (Male) |
| 18:08 | Create | Villager (Male) |
| 18:09 | Create | Villager (Male) |
| 18:10 | Create | Villager (Male) |
| 18:10 | Create | Villager (Male) |
| 18:11 | Create | Villager (Male) |
| 18:13 | Create | Villager (Male) |
| 18:13 | Create | Villager (Male) |
| 18:13 | Create | Villager (Male) |
| 18:14 | Create | Villager (Male) |
| 18:49 | Build | Building 665 |
| 18:59 | Research | Town Watch |
| 19:02 | Research | Hand Cart |
| 19:02 | Create | Villager (Male) |
| 19:03 | Create | Villager (Male) |
| 19:05 | Create | Villager (Male) |
| 19:06 | Create | Villager (Male) |
| 19:28 | Build | Siege Workshop |
| 19:48 | Build | Blacksmith |
| 19:52 | Create | Villager (Male) |
| 19:55 | Create | Villager (Male) |
| 19:56 | Create | Villager (Male) |
| 19:58 | Create | Villager (Male) |
| 20:01 | Create | Villager (Male) |
| 20:02 | Create | Villager (Male) |
| 20:18 | Build | Lumber Camp |
| 20:39 | Create | Villager (Male) |
| 20:40 | Create | Villager (Male) |
| 20:40 | Create | Villager (Male) |
| 20:42 | Create | Villager (Male) |
| 20:48 | Create | Villager (Male) |
| 21:04 | Build | University |
| 21:35 | Build | Farm |
| 21:35 | Build | Farm |
| 21:35 | Build | Farm |
| 21:35 | Build | Farm |
| 21:36 | Build | Farm |
| 21:36 | Build | Farm |
| 21:36 | Build | Farm |
| 21:37 | Create | Villager (Male) |
| 21:38 | Create | Villager (Male) |
| 21:38 | Create | Villager (Male) |
| 21:39 | Create | Villager (Male) |
| 21:40 | Create | Villager (Male) |
| 21:40 | Create | Villager (Male) |
| 21:49 | Create | Villager (Male) |
| 22:05 | Build | Outpost |
| 22:05 | Build | Outpost |
| 22:06 | Build | Outpost |
| 22:14 | Create | Villager (Male) |
| 22:16 | Create | Villager (Male) |
| 22:16 | Create | Villager (Male) |
| 22:19 | Create | Villager (Male) |
| 22:22 | Create | Villager (Male) |
| 22:32 | Build | Farm |
| 22:33 | Build | Farm |
| 22:33 | Build | Farm |
| 22:33 | Build | Farm |
| 22:33 | Build | Farm |
| 23:12 | Build | Castle |
| 23:15 | Build | Mining Camp |
| 23:20 | Build | Farm |
| 23:21 | Build | Farm |
| 23:23 | Build | Farm |
| 23:24 | Build | Farm |
| 23:27 | Create | Villager (Male) |
| 23:28 | Create | Villager (Male) |
| 23:28 | Create | Villager (Male) |
| 23:50 | Build | Siege Workshop |
| 23:51 | Build | Siege Workshop |
| 23:54 | Create | Villager (Male) |
| 23:55 | Create | Villager (Male) |
Build order — Run Baby Run
First 150 of 534 actions detected
| 0:03 | Create | Villager (Male) |
| 0:03 | Create | Villager (Male) |
| 0:03 | Create | Villager (Male) |
| 0:03 | Create | Villager (Male) |
| 0:04 | Create | Villager (Male) |
| 0:09 | Build | Lumber Camp |
| 0:32 | Build | Mill |
| 2:05 | Create | Villager (Male) |
| 2:05 | Create | Villager (Male) |
| 2:49 | Create | Villager (Male) |
| 2:49 | Create | Villager (Male) |
| 3:19 | Create | Villager (Male) |
| 3:44 | Create | Villager (Male) |
| 3:44 | Create | Villager (Male) |
| 4:14 | Create | Villager (Male) |
| 4:14 | Create | Villager (Male) |
| 4:36 | Create | Villager (Male) |
| 5:23 | Create | Villager (Male) |
| 5:23 | Create | Villager (Male) |
| 6:42 | Build | Mining Camp |
| 6:45 | Research | Feudal Age |
| 6:46 | Research | Loom |
| 8:08 | Create | Villager (Male) |
| 8:08 | Create | Villager (Male) |
| 8:15 | Build | Lumber Camp |
| 8:55 | Age | Feudal Age |
| 8:56 | Research | Double-Bit Axe |
| 8:57 | Research | Horse Collar |
| 9:03 | Research | Wheelbarrow |
| 9:14 | Build | Blacksmith |
| 9:19 | Build | Market |
| 9:31 | Create | Villager (Male) |
| 9:32 | Create | Villager (Male) |
| 9:41 | Build | House |
| 9:42 | Build | House |
| 9:44 | Build | House |
| 9:44 | Build | House |
| 9:48 | Build | Farm |
| 10:21 | Build | Farm |
| 10:25 | Create | Villager (Male) |
| 10:26 | Create | Villager (Male) |
| 10:38 | Build | Farm |
| 11:12 | Build | Stone Wall |
| 11:17 | Build | Building 490 |
| 11:21 | Build | Farm |
| 11:31 | Build | Farm |
| 11:39 | Research | Castle Age |
| 11:50 | Build | Farm |
| 11:53 | Build | Farm |
| 11:57 | Build | Farm |
| 12:03 | Create | Villager (Male) |
| 12:03 | Create | Villager (Male) |
| 12:13 | Build | Mining Camp |
| 12:45 | Research | Forging |
| 12:45 | Research | Scale Barding Armor |
| 14:02 | Research | Wheelbarrow |
| 14:15 | Research | Scale Barding Armor |
| 14:30 | Age | Castle Age |
| 14:39 | Build | Stone Wall |
| 14:45 | Build | House |
| 15:01 | Research | Bow Saw |
| 15:01 | Research | Heavy Plow |
| 15:13 | Build | Town Center |
| 15:24 | Create | Villager (Male) |
| 15:24 | Create | Villager (Male) |
| 15:25 | Create | Villager (Male) |
| 15:41 | Build | Lumber Camp |
| 16:06 | Build | Building 490 |
| 16:17 | Create | Boyar |
| 16:26 | Create | Boyar |
| 16:27 | Create | Boyar |
| 17:02 | Build | Town Center |
| 17:07 | Create | Villager (Male) |
| 17:07 | Create | Villager (Male) |
| 17:07 | Create | Villager (Male) |
| 17:08 | Create | Villager (Male) |
| 17:20 | Create | Villager (Male) |
| 17:20 | Create | Villager (Male) |
| 17:56 | Build | Barracks |
| 18:15 | Build | Mining Camp |
| 18:21 | Create | Villager (Male) |
| 18:21 | Create | Villager (Male) |
| 18:22 | Create | Villager (Male) |
| 18:25 | Create | Villager (Male) |
| 18:25 | Create | Villager (Male) |
| 18:26 | Create | Villager (Male) |
| 18:29 | Create | Boyar |
| 18:30 | Create | Boyar |
| 18:42 | Create | Villager (Male) |
| 18:42 | Create | Villager (Male) |
| 18:43 | Create | Villager (Male) |
| 18:52 | Build | Monastery |
| 19:02 | Build | House |
| 19:03 | Build | House |
| 19:22 | Build | Farm |
| 19:26 | Create | Villager (Male) |
| 19:30 | Create | Monk |
| 19:35 | Create | Villager (Male) |
| 19:37 | Build | Farm |
| 19:39 | Create | Villager (Male) |
| 19:41 | Create | Villager (Male) |
| 19:43 | Create | Villager (Male) |
| 19:43 | Create | Villager (Male) |
| 20:03 | Create | Villager (Male) |
| 20:06 | Build | Farm |
| 20:10 | Build | Farm |
| 20:13 | Build | Farm |
| 21:26 | Build | Farm |
| 21:29 | Build | Farm |
| 21:34 | Create | Villager (Male) |
| 21:35 | Create | Villager (Male) |
| 21:36 | Research | Hand Cart |
| 21:40 | Create | Boyar |
| 21:40 | Create | Boyar |
| 21:40 | Create | Boyar |
| 21:42 | Create | Boyar |
| 21:42 | Create | Boyar |
| 21:47 | Build | Stable |
| 21:56 | Create | Villager (Male) |
| 21:56 | Create | Villager (Male) |
| 21:56 | Create | Villager (Male) |
| 22:17 | Build | Farm |
| 22:19 | Build | Farm |
| 22:21 | Build | Farm |
| 22:24 | Build | Farm |
| 22:26 | Build | Farm |
| 22:29 | Build | Farm |
| 22:31 | Build | Mill |
| 22:35 | Build | Farm |
| 22:38 | Build | Farm |
| 22:42 | Build | Farm |
| 22:45 | Create | Villager (Male) |
| 22:45 | Create | Villager (Male) |
| 22:45 | Create | Villager (Male) |
| 22:46 | Create | Villager (Male) |
| 22:47 | Create | Villager (Male) |
| 22:47 | Create | Villager (Male) |
| 22:51 | Build | Farm |
| 22:55 | Build | Farm |
| 23:03 | Create | Villager (Male) |
| 23:03 | Create | Villager (Male) |
| 23:05 | Build | Farm |
| 23:07 | Build | Farm |
| 23:12 | Research | Bloodlines |
| 23:16 | Build | Stable |
| 23:18 | Create | Boyar |
| 23:18 | Create | Boyar |
| 23:35 | Build | Farm |
| 23:41 | Build | Farm |
| 23:45 | Create | Villager (Male) |
Build order — GimnasiaLP
First 150 of 393 actions detected
| 0:02 | Create | Villager (Male) |
| 0:02 | Create | Villager (Male) |
| 0:07 | Build | Lumber Camp |
| 0:13 | Create | Villager (Male) |
| 0:13 | Create | Villager (Male) |
| 0:13 | Create | Villager (Male) |
| 0:14 | Create | Villager (Male) |
| 0:33 | Build | Mill |
| 1:03 | Create | Villager (Male) |
| 1:03 | Create | Villager (Male) |
| 1:26 | Create | Villager (Male) |
| 1:27 | Create | Villager (Male) |
| 1:44 | Create | Villager (Male) |
| 1:45 | Create | Villager (Male) |
| 2:21 | Create | Villager (Male) |
| 2:21 | Create | Villager (Male) |
| 2:41 | Create | Villager (Male) |
| 2:42 | Create | Villager (Male) |
| 3:02 | Create | Villager (Male) |
| 3:02 | Create | Villager (Male) |
| 3:19 | Create | Villager (Male) |
| 3:19 | Create | Villager (Male) |
| 3:20 | Create | Villager (Male) |
| 3:33 | Create | Villager (Male) |
| 3:34 | Create | Villager (Male) |
| 3:44 | Create | Villager (Male) |
| 4:03 | Create | Villager (Male) |
| 4:03 | Create | Villager (Male) |
| 4:20 | Build | Farm |
| 4:25 | Build | Farm |
| 4:29 | Build | Farm |
| 4:30 | Create | Villager (Male) |
| 4:59 | Create | Villager (Male) |
| 4:59 | Create | Villager (Male) |
| 5:08 | Create | Villager (Male) |
| 5:09 | Create | Villager (Male) |
| 5:17 | Research | Loom |
| 6:23 | Build | Mining Camp |
| 6:35 | Research | Feudal Age |
| 7:23 | Build | Lumber Camp |
| 8:05 | Create | Villager (Male) |
| 8:05 | Create | Villager (Male) |
| 10:07 | Age | Feudal Age |
| 10:10 | Build | Market |
| 10:11 | Build | Blacksmith |
| 10:30 | Research | Double-Bit Axe |
| 10:33 | Research | Gold Mining |
| 10:45 | Research | Horse Collar |
| 10:56 | Research | Castle Age |
| 10:56 | Research | Castle Age |
| 11:05 | Create | Villager (Male) |
| 11:05 | Create | Villager (Male) |
| 12:16 | Build | Lumber Camp |
| 13:37 | Age | Castle Age |
| 13:41 | Build | Monastery |
| 13:46 | Build | Siege Workshop |
| 13:53 | Build | Siege Workshop |
| 14:07 | Build | Farm |
| 14:53 | Research | Imperial Age |
| 14:53 | Research | Imperial Age |
| 14:53 | Research | Imperial Age |
| 15:02 | Build | Farm |
| 15:02 | Build | Farm |
| 15:02 | Build | Farm |
| 15:03 | Build | Farm |
| 15:03 | Build | Farm |
| 15:09 | Build | Farm |
| 15:14 | Create | Villager (Male) |
| 15:14 | Create | Villager (Male) |
| 15:28 | Create | Monk |
| 16:06 | Research | Padded Archer Armor |
| 16:11 | Create | Villager (Male) |
| 16:17 | Build | Mining Camp |
| 17:03 | Create | Janissary |
| 17:03 | Create | Janissary |
| 17:05 | Create | Janissary |
| 17:09 | Create | Villager (Male) |
| 17:27 | Build | Mining Camp |
| 17:43 | Research | Bow Saw |
| 18:03 | Age | Imperial Age |
| 18:13 | Create | Bombard Cannon |
| 18:13 | Create | Bombard Cannon |
| 18:13 | Create | Bombard Cannon |
| 18:27 | Create | Villager (Male) |
| 18:30 | Create | Villager (Male) |
| 18:30 | Create | Villager (Male) |
| 18:30 | Create | Villager (Male) |
| 18:48 | Research | Leather Archer Armor |
| 18:48 | Research | Leather Archer Armor |
| 18:51 | Build | House |
| 18:55 | Build | House |
| 18:58 | Build | House |
| 19:14 | Create | Villager (Male) |
| 19:14 | Create | Villager (Male) |
| 19:28 | Research | Conscription |
| 19:29 | Research | Conscription |
| 19:34 | Create | Villager (Male) |
| 19:40 | Create | Militia |
| 19:40 | Create | Militia |
| 19:55 | Create | Villager (Male) |
| 19:57 | Create | Janissary |
| 19:57 | Create | Janissary |
| 20:06 | Create | Janissary |
| 20:31 | Create | Janissary |
| 20:31 | Create | Janissary |
| 20:32 | Create | Janissary |
| 20:32 | Create | Janissary |
| 21:07 | Create | Bombard Cannon |
| 21:07 | Create | Bombard Cannon |
| 21:07 | Create | Bombard Cannon |
| 21:10 | Create | Militia |
| 21:10 | Create | Militia |
| 21:16 | Create | Janissary |
| 21:16 | Create | Janissary |
| 21:16 | Create | Janissary |
| 21:17 | Create | Janissary |
| 21:41 | Create | Janissary |
| 21:41 | Create | Janissary |
| 21:41 | Create | Janissary |
| 21:41 | Create | Janissary |
| 21:42 | Create | Villager (Male) |
| 21:42 | Create | Villager (Male) |
| 21:43 | Create | Villager (Male) |
| 21:44 | Create | Villager (Male) |
| 21:57 | Build | Lumber Camp |
| 22:00 | Create | Villager (Male) |
| 22:00 | Create | Villager (Male) |
| 22:15 | Create | Villager (Male) |
| 22:19 | Create | Bombard Cannon |
| 22:19 | Create | Bombard Cannon |
| 22:20 | Create | Bombard Cannon |
| 22:23 | Build | House |
| 22:27 | Build | House |
| 22:29 | Create | Villager (Male) |
| 22:29 | Create | Villager (Male) |
| 22:31 | Build | House |
| 22:33 | Build | House |
| 22:36 | Create | Villager (Male) |
| 22:36 | Create | Villager (Male) |
| 22:49 | Create | Villager (Male) |
| 22:49 | Create | Villager (Male) |
| 22:51 | Build | House |
| 22:53 | Create | Villager (Male) |
| 22:53 | Create | Villager (Male) |
| 23:06 | Create | Villager (Male) |
| 23:07 | Create | Villager (Male) |
| 23:30 | Create | Janissary |
| 23:36 | Create | Bombard Cannon |
| 23:37 | Create | Bombard Cannon |
| 23:42 | Create | Villager (Male) |
Build order — Kratos
First 150 of 164 actions detected
| 0:07 | Build | House |
| 0:12 | Create | Villager (Male) |
| 0:12 | Create | Villager (Male) |
| 0:12 | Create | Villager (Male) |
| 1:06 | Research | Loom |
| 1:07 | Research | Loom |
| 1:08 | Create | Villager (Male) |
| 1:08 | Create | Villager (Male) |
| 1:24 | Build | Lumber Camp |
| 2:12 | Build | Mill |
| 2:31 | Create | Villager (Male) |
| 2:31 | Create | Villager (Male) |
| 2:31 | Create | Villager (Male) |
| 2:50 | Create | Villager (Male) |
| 2:50 | Create | Villager (Male) |
| 3:28 | Create | Villager (Male) |
| 3:28 | Create | Villager (Male) |
| 4:11 | Create | Villager (Male) |
| 4:32 | Create | Villager (Male) |
| 4:32 | Create | Villager (Male) |
| 4:32 | Create | Villager (Male) |
| 5:10 | Create | Villager (Male) |
| 5:10 | Create | Villager (Male) |
| 5:37 | Research | Feudal Age |
| 5:37 | Research | Feudal Age |
| 7:23 | Create | Villager (Male) |
| 7:24 | Create | Villager (Male) |
| 7:47 | Age | Feudal Age |
| 8:20 | Research | Wheelbarrow |
| 8:24 | Create | Villager (Male) |
| 8:30 | Build | Mining Camp |
| 8:33 | Research | Double-Bit Axe |
| 8:33 | Research | Double-Bit Axe |
| 8:52 | Build | Market |
| 9:08 | Build | Farm |
| 9:31 | Build | Mining Camp |
| 10:02 | Build | Blacksmith |
| 10:21 | Build | Farm |
| 10:44 | Build | Farm |
| 10:44 | Build | Farm |
| 11:09 | Research | Castle Age |
| 11:09 | Research | Castle Age |
| 11:43 | Research | Stone Mining |
| 11:43 | Research | Stone Mining |
| 12:27 | Build | Barracks |
| 13:35 | Create | Spearman |
| 13:35 | Create | Spearman |
| 13:35 | Create | Spearman |
| 13:49 | Age | Castle Age |
| 13:59 | Create | Villager (Male) ×2 |
| 13:59 | Create | Villager (Male) ×2 |
| 13:59 | Create | Villager (Male) ×2 |
| 14:25 | Build | Castle |
| 14:33 | Create | Spearman |
| 14:47 | Create | Villager (Male) |
| 14:47 | Create | Villager (Male) |
| 15:06 | Research | Bow Saw |
| 15:06 | Research | Bow Saw |
| 15:07 | Research | Bow Saw |
| 15:17 | Research | Gold Mining |
| 15:17 | Research | Gold Mining |
| 15:59 | Build | Siege Workshop |
| 16:32 | Create | Battering Ram |
| 16:33 | Create | Battering Ram |
| 17:14 | Create | Battering Ram |
| 17:14 | Create | Battering Ram |
| 17:31 | Create | Villager (Male) ×2 |
| 17:31 | Create | Villager (Male) ×2 |
| 17:46 | Create | Battering Ram |
| 17:46 | Create | Battering Ram |
| 17:59 | Create | Petard |
| 18:00 | Create | Petard |
| 18:37 | Create | Petard |
| 18:37 | Create | Petard |
| 18:38 | Create | Petard |
| 18:43 | Create | Battering Ram |
| 18:43 | Create | Battering Ram |
| 19:09 | Create | Throwing Axeman |
| 19:09 | Create | Throwing Axeman |
| 19:18 | Create | Petard ×2 |
| 19:19 | Create | Petard ×2 |
| 19:26 | Build | Stable |
| 20:07 | Create | Battering Ram |
| 20:07 | Create | Battering Ram |
| 20:44 | Create | Battering Ram |
| 20:44 | Create | Battering Ram |
| 20:58 | Create | Battering Ram |
| 20:58 | Create | Battering Ram |
| 21:06 | Create | Throwing Axeman ×2 |
| 21:06 | Create | Throwing Axeman ×2 |
| 21:07 | Create | Throwing Axeman |
| 21:07 | Create | Throwing Axeman |
| 21:08 | Create | Throwing Axeman |
| 21:08 | Create | Throwing Axeman |
| 21:52 | Create | Throwing Axeman |
| 21:52 | Create | Throwing Axeman |
| 22:30 | Build | Castle |
| 22:40 | Build | House |
| 22:50 | Build | Castle |
| 23:09 | Create | Villager (Male) |
| 23:10 | Create | Villager (Male) |
| 23:22 | Create | Knight |
| 23:31 | Create | Knight ×2 |
| 23:31 | Create | Knight ×2 |
| 24:06 | Create | Knight |
| 24:07 | Create | Knight |
| 24:31 | Research | Scale Barding Armor |
| 24:31 | Research | Scale Barding Armor |
| 24:34 | Build | Farm |
| 26:08 | Build | Castle |
| 26:15 | Create | Knight |
| 26:15 | Create | Knight |
| 27:13 | Build | Monastery |
| 27:21 | Create | Knight |
| 27:22 | Create | Knight |
| 27:52 | Research | Husbandry |
| 27:52 | Research | Husbandry |
| 28:03 | Build | Lumber Camp |
| 28:26 | Build | Stable |
| 29:33 | Create | Knight |
| 29:33 | Create | Knight |
| 30:26 | Build | Lumber Camp |
| 30:42 | Build | Mining Camp |
| 30:58 | Create | Monk |
| 30:58 | Create | Monk |
| 31:11 | Create | Monk |
| 31:12 | Create | Monk |
| 31:58 | Research | Scale Mail Armor |
| 31:58 | Research | Scale Mail Armor |
| 33:02 | Create | Knight ×2 |
| 33:02 | Create | Knight ×2 |
| 33:16 | Build | Stable |
| 33:24 | Create | Knight ×2 |
| 33:24 | Create | Knight ×2 |
| 33:46 | Create | Knight |
| 33:46 | Create | Knight |
| 34:03 | Create | Knight |
| 34:03 | Create | Knight |
| 34:28 | Build | Stable |
| 34:52 | Create | Knight |
| 34:52 | Create | Knight |
| 34:52 | Create | Knight |
| 35:10 | Create | Villager (Male) ×2 |
| 35:10 | Create | Villager (Male) ×2 |
| 35:58 | Create | Knight |
| 35:58 | Create | Knight |
| 36:23 | Create | Knight ×2 |
| 36:23 | Create | Knight ×2 |
| 36:35 | Create | Knight |
| 36:35 | Create | Knight |
Build order — Hellhound
First 150 of 284 actions detected
| 0:04 | Build | House |
| 0:07 | Build | Mill |
| 0:30 | Create | Villager (Male) |
| 0:34 | Create | Villager (Male) |
| 0:53 | Build | Lumber Camp |
| 1:03 | Create | Villager (Male) |
| 1:24 | Create | Villager (Male) |
| 1:55 | Create | Villager (Male) |
| 2:29 | Create | Villager (Male) |
| 2:29 | Create | Villager (Male) |
| 3:06 | Create | Villager (Male) |
| 3:34 | Create | Villager (Male) |
| 4:08 | Create | Villager (Male) |
| 4:18 | Create | Villager (Male) |
| 4:44 | Build | Mining Camp |
| 5:06 | Create | Villager (Male) |
| 5:19 | Research | Feudal Age |
| 5:58 | Build | Lumber Camp |
| 6:05 | Create | Villager (Male) |
| 6:22 | Research | Loom |
| 6:27 | Create | Villager (Male) |
| 6:58 | Build | Farm |
| 7:09 | Build | Farm |
| 7:23 | Build | Farm |
| 7:41 | Age | Feudal Age |
| 8:00 | Build | Market |
| 8:29 | Create | Villager (Male) |
| 8:59 | Create | Villager (Male) |
| 9:00 | Create | Villager (Male) |
| 9:06 | Build | Farm |
| 9:32 | Build | Blacksmith |
| 9:34 | Create | Villager (Male) |
| 9:37 | Build | Farm |
| 9:45 | Build | Farm |
| 9:52 | Build | Farm |
| 10:04 | Build | Farm |
| 10:07 | Create | Villager (Male) |
| 10:28 | Create | Villager (Male) |
| 10:41 | Create | Villager (Male) |
| 11:06 | Create | Villager (Male) |
| 11:30 | Create | Villager (Male) |
| 11:41 | Build | Farm |
| 11:46 | Build | Farm |
| 12:23 | Research | Castle Age |
| 12:24 | Research | Castle Age |
| 12:40 | Build | Mining Camp |
| 12:42 | Create | Villager (Male) |
| 12:51 | Create | Villager (Male) |
| 13:23 | Research | Wheelbarrow |
| 13:51 | Research | Fletching |
| 13:52 | Research | Fletching |
| 14:18 | Build | House |
| 14:21 | Build | House |
| 15:03 | Age | Castle Age |
| 15:21 | Build | Castle |
| 15:32 | Create | Longbowman |
| 15:33 | Create | Longbowman |
| 15:34 | Create | Longbowman |
| 15:35 | Create | Longbowman |
| 15:45 | Create | Longbowman |
| 16:00 | Create | Longbowman |
| 16:01 | Create | Longbowman |
| 16:13 | Build | Mining Camp |
| 16:24 | Build | Town Center |
| 16:26 | Create | Villager (Male) |
| 16:48 | Build | Stone Wall |
| 16:51 | Build | Stone Wall |
| 16:56 | Build | Palisade Gate |
| 17:02 | Build | Building 487 |
| 17:04 | Build | Stone Wall |
| 17:22 | Create | Longbowman |
| 17:23 | Create | Longbowman |
| 17:23 | Create | Longbowman |
| 17:37 | Create | Villager (Male) |
| 17:38 | Create | Villager (Male) |
| 17:42 | Create | Villager (Male) |
| 17:47 | Create | Longbowman |
| 18:05 | Create | Villager (Male) |
| 18:14 | Create | Villager (Male) |
| 18:16 | Build | Farm |
| 18:26 | Create | Longbowman |
| 18:27 | Create | Longbowman |
| 18:40 | Build | Siege Workshop |
| 18:48 | Create | Longbowman |
| 18:52 | Create | Longbowman |
| 18:58 | Build | Palisade Wall |
| 19:02 | Build | Palisade Wall |
| 19:03 | Create | Villager (Male) |
| 19:20 | Build | Palisade Wall |
| 19:29 | Create | Villager (Male) |
| 19:33 | Create | Longbowman |
| 19:34 | Create | Longbowman |
| 19:36 | Create | Battering Ram |
| 19:40 | Create | Villager (Male) |
| 19:43 | Create | Longbowman |
| 19:54 | Create | Villager (Male) |
| 19:55 | Create | Villager (Male) |
| 20:14 | Create | Mangonel |
| 20:59 | Create | Villager (Male) |
| 21:17 | Create | Longbowman |
| 21:34 | Create | Villager (Male) |
| 21:34 | Create | Villager (Male) |
| 21:51 | Create | Villager (Male) |
| 21:57 | Create | Longbowman |
| 21:58 | Create | Longbowman |
| 22:41 | Create | Longbowman |
| 23:09 | Create | Longbowman |
| 23:09 | Create | Longbowman |
| 23:10 | Create | Longbowman |
| 23:24 | Create | Longbowman |
| 23:25 | Create | Longbowman |
| 23:39 | Create | Longbowman |
| 23:40 | Create | Longbowman |
| 23:49 | Create | Longbowman |
| 23:50 | Create | Longbowman |
| 24:01 | Create | Villager (Male) |
| 24:07 | Build | Stone Wall |
| 24:12 | Create | Villager (Male) |
| 24:18 | Create | Villager (Male) |
| 24:19 | Create | Villager (Male) |
| 24:29 | Build | Farm |
| 24:30 | Build | Farm |
| 24:35 | Build | Monastery |
| 24:36 | Create | Longbowman |
| 24:37 | Create | Longbowman |
| 25:19 | Create | Longbowman |
| 25:20 | Create | Longbowman |
| 25:24 | Create | Villager (Male) |
| 25:27 | Build | House |
| 25:28 | Build | House |
| 25:35 | Build | Building 490 |
| 25:36 | Create | Villager (Male) |
| 25:36 | Create | Villager (Male) |
| 25:44 | Build | Market |
| 25:45 | Build | Market |
| 25:46 | Create | Villager (Male) |
| 25:47 | Create | Villager (Male) |
| 25:49 | Build | Farm |
| 26:01 | Build | Town Center |
| 26:02 | Create | Villager (Male) |
| 26:10 | Create | Villager (Male) |
| 26:22 | Build | Farm |
| 26:23 | Build | Farm |
| 26:24 | Build | Farm |
| 26:25 | Build | Farm |
| 26:26 | Build | Farm |
| 26:27 | Build | Farm |
| 26:28 | Build | Farm |
| 26:31 | Create | Villager (Male) |
| 26:34 | Build | Mill |
Build order — fbaha
First 150 of 252 actions detected
| 0:04 | Build | Mill |
| 0:08 | Build | Lumber Camp |
| 0:09 | Research | Loom |
| 0:10 | Create | Villager (Male) |
| 0:10 | Create | Villager (Male) |
| 0:10 | Create | Villager (Male) |
| 0:11 | Create | Villager (Male) |
| 0:11 | Create | Villager (Male) |
| 1:16 | Create | Villager (Male) |
| 2:00 | Create | Villager (Male) |
| 2:40 | Create | Villager (Male) |
| 2:43 | Create | Villager (Male) |
| 3:06 | Create | Villager (Male) |
| 3:25 | Create | Villager (Male) |
| 4:01 | Build | Farm |
| 4:06 | Create | Villager (Male) |
| 4:06 | Create | Villager (Male) |
| 4:48 | Create | Villager (Male) |
| 4:49 | Create | Villager (Male) |
| 5:03 | Create | Villager (Male) |
| 5:19 | Build | House |
| 5:21 | Build | House |
| 5:22 | Build | House |
| 5:24 | Build | House |
| 5:25 | Build | House |
| 5:27 | Build | House |
| 5:29 | Build | House |
| 5:32 | Build | House |
| 6:36 | Build | Farm |
| 6:42 | Build | Farm |
| 6:52 | Build | Farm |
| 6:54 | Build | Farm |
| 6:55 | Build | Farm |
| 6:59 | Research | Feudal Age |
| 7:43 | Create | Villager (Male) |
| 7:43 | Create | Villager (Male) |
| 9:09 | Age | Feudal Age |
| 9:10 | Research | Horse Collar |
| 9:11 | Research | Double-Bit Axe |
| 9:12 | Create | Villager (Male) |
| 9:13 | Create | Villager (Male) |
| 9:44 | Build | Stone Wall |
| 9:47 | Build | Building 490 |
| 9:52 | Create | Villager (Male) |
| 10:06 | Create | Villager (Male) |
| 10:06 | Create | Villager (Male) |
| 10:11 | Build | Mining Camp |
| 10:41 | Create | Villager (Male) |
| 10:42 | Create | Villager (Male) |
| 10:51 | Build | Market |
| 10:53 | Build | Market |
| 11:00 | Build | Mining Camp |
| 11:19 | Research | Gold Mining |
| 11:19 | Research | Stone Mining |
| 12:15 | Research | Wheelbarrow |
| 12:26 | Build | Blacksmith |
| 12:28 | Build | Blacksmith |
| 13:00 | Build | Stone Wall |
| 13:02 | Build | Building 490 |
| 13:09 | Create | Villager (Male) |
| 13:10 | Create | Villager (Male) |
| 13:10 | Create | Villager (Male) |
| 13:10 | Create | Villager (Male) |
| 13:26 | Build | Farm |
| 13:28 | Build | Farm |
| 13:29 | Build | Farm |
| 13:31 | Build | Farm |
| 13:33 | Build | Farm |
| 13:35 | Build | Farm |
| 14:46 | Build | Lumber Camp |
| 14:54 | Create | Villager (Male) |
| 15:13 | Build | Stone Wall |
| 15:33 | Build | House |
| 15:44 | Build | Mining Camp |
| 15:53 | Research | Castle Age |
| 16:06 | Build | House |
| 16:07 | Build | House |
| 16:09 | Build | House |
| 16:25 | Build | Lumber Camp |
| 17:01 | Create | Villager (Male) |
| 17:02 | Create | Villager (Male) |
| 17:23 | Build | Stable |
| 18:54 | Age | Castle Age |
| 18:58 | Research | Heavy Plow |
| 19:00 | Research | Bow Saw |
| 19:01 | Create | Villager (Male) |
| 19:02 | Create | Villager (Male) |
| 19:12 | Build | Siege Workshop |
| 19:19 | Build | Town Center |
| 19:31 | Build | Monastery |
| 19:34 | Build | University |
| 19:43 | Build | Mining Camp |
| 19:54 | Create | Villager (Male) |
| 19:54 | Create | Villager (Male) |
| 20:06 | Build | Outpost |
| 20:21 | Create | Villager (Male) |
| 20:27 | Build | Castle |
| 20:42 | Build | Lumber Camp |
| 20:56 | Research | Treadmill Crane |
| 21:13 | Build | Outpost |
| 21:27 | Create | Monk |
| 21:27 | Research | Fervor |
| 21:36 | Research | Hand Cart |
| 21:46 | Build | Farm |
| 21:52 | Create | Villager (Male) |
| 21:52 | Create | Villager (Male) |
| 22:00 | Build | Outpost |
| 22:03 | Create | Villager (Male) |
| 22:03 | Create | Villager (Male) |
| 22:04 | Create | Villager (Male) |
| 22:30 | Create | Villager (Male) |
| 22:30 | Create | Villager (Male) |
| 22:34 | Build | Farm |
| 22:36 | Create | Villager (Male) |
| 22:36 | Create | Villager (Male) |
| 22:45 | Build | Mining Camp |
| 23:00 | Build | Farm |
| 23:12 | Build | Town Center |
| 23:23 | Build | Farm |
| 23:25 | Create | Villager (Male) |
| 23:25 | Create | Villager (Male) |
| 23:38 | Create | Mameluke ×5 |
| 23:42 | Research | Husbandry |
| 23:42 | Research | Husbandry |
| 23:51 | Build | Farm |
| 23:56 | Research | Gold Shaft Mining |
| 24:06 | Create | Villager (Male) |
| 24:06 | Create | Villager (Male) |
| 24:14 | Build | Farm |
| 24:24 | Create | Villager (Male) |
| 24:24 | Create | Villager (Male) |
| 24:27 | Create | Villager (Male) |
| 24:33 | Create | Villager (Male) |
| 24:39 | Build | Farm |
| 25:03 | Build | Farm |
| 25:05 | Create | Villager (Male) |
| 25:05 | Create | Villager (Male) |
| 25:09 | Create | Villager (Male) |
| 25:10 | Create | Villager (Male) |
| 25:11 | Create | Villager (Male) |
| 25:11 | Create | Villager (Male) |
| 25:13 | Create | Villager (Male) |
| 25:41 | Build | Farm |
| 25:45 | Create | Villager (Male) |
| 25:46 | Create | Villager (Male) |
| 25:46 | Create | Villager (Male) |
| 25:47 | Create | Villager (Male) |
| 25:55 | Build | Farm |
| 25:57 | Build | Farm |
| 26:05 | Build | House |
Build order — QQM
First 150 of 253 actions detected
| 0:01 | Create | Villager (Male) |
| 0:02 | Create | Villager (Male) |
| 0:02 | Create | Villager (Male) |
| 0:12 | Build | Lumber Camp |
| 0:20 | Build | Mill |
| 0:23 | Create | Villager (Male) |
| 0:23 | Create | Villager (Male) |
| 0:24 | Create | Villager (Male) |
| 0:51 | Research | Loom |
| 1:24 | Create | Villager (Male) |
| 1:24 | Create | Villager (Male) |
| 1:27 | Create | Villager (Male) |
| 1:27 | Create | Villager (Male) |
| 1:55 | Create | Villager (Male) |
| 1:55 | Create | Villager (Male) |
| 2:04 | Create | Villager (Male) |
| 2:35 | Create | Villager (Male) |
| 2:35 | Create | Villager (Male) |
| 2:45 | Create | Villager (Male) |
| 2:45 | Create | Villager (Male) |
| 3:24 | Create | Villager (Male) |
| 3:24 | Create | Villager (Male) |
| 3:25 | Create | Villager (Male) |
| 3:56 | Create | Villager (Male) |
| 3:56 | Create | Villager (Male) |
| 4:25 | Create | Villager (Male) |
| 4:26 | Create | Villager (Male) |
| 4:52 | Create | Villager (Male) |
| 5:16 | Create | Villager (Male) |
| 5:17 | Create | Villager (Male) |
| 5:27 | Create | Villager (Male) |
| 5:27 | Create | Villager (Male) |
| 5:43 | Build | Farm |
| 6:06 | Build | Farm |
| 6:12 | Research | Feudal Age |
| 6:24 | Build | Mining Camp |
| 6:46 | Build | Farm |
| 6:57 | Build | Farm |
| 7:21 | Create | Villager (Male) |
| 7:22 | Create | Villager (Male) |
| 8:26 | Age | Feudal Age |
| 9:04 | Build | Market |
| 9:13 | Build | Stone Wall |
| 9:18 | Build | Building 490 |
| 9:25 | Build | Blacksmith |
| 9:27 | Create | Villager (Male) |
| 9:34 | Create | Villager (Male) |
| 9:35 | Research | Double-Bit Axe |
| 10:08 | Create | Villager (Male) |
| 10:12 | Build | Lumber Camp |
| 10:39 | Build | Stone Wall |
| 10:43 | Build | Building 490 |
| 10:44 | Research | Castle Age |
| 11:09 | Build | Stable |
| 11:12 | Create | Villager (Male) |
| 11:13 | Create | Villager (Male) |
| 11:13 | Create | Villager (Male) |
| 11:21 | Create | Villager (Male) |
| 11:22 | Create | Villager (Male) |
| 11:36 | Build | Farm |
| 11:39 | Build | Farm |
| 12:06 | Build | Archery Range |
| 12:11 | Create | Villager (Male) |
| 12:20 | Research | Bloodlines |
| 12:35 | Build | Farm |
| 12:37 | Research | Horse Collar |
| 12:42 | Build | Farm |
| 12:54 | Build | Farm |
| 13:06 | Build | Farm |
| 13:10 | Research | Gold Mining |
| 13:10 | Age | Castle Age |
| 13:16 | Create | Knight |
| 13:25 | Create | Villager (Male) |
| 13:25 | Create | Villager (Male) |
| 13:36 | Build | Town Center |
| 13:46 | Create | Villager (Male) |
| 13:46 | Create | Villager (Male) |
| 14:00 | Create | Villager (Male) |
| 14:01 | Create | Villager (Male) |
| 14:09 | Build | Farm |
| 14:15 | Build | Farm |
| 14:16 | Create | Villager (Male) |
| 14:17 | Create | Villager (Male) |
| 14:25 | Create | Villager (Male) |
| 14:49 | Create | Villager (Male) |
| 14:50 | Create | Villager (Male) |
| 15:04 | Build | Farm |
| 15:05 | Build | Farm |
| 15:07 | Create | Villager (Male) |
| 15:19 | Build | Farm |
| 15:21 | Create | Villager (Male) |
| 15:23 | Create | Villager (Male) |
| 15:44 | Create | Villager (Male) |
| 15:45 | Create | Villager (Male) |
| 16:00 | Build | Mill |
| 16:02 | Build | Farm |
| 16:03 | Build | Farm |
| 16:05 | Build | Farm |
| 16:14 | Create | Villager (Male) |
| 16:15 | Create | Villager (Male) |
| 16:29 | Research | Scale Barding Armor |
| 16:44 | Create | Villager (Male) |
| 16:51 | Build | Farm |
| 17:00 | Build | House |
| 17:01 | Build | House |
| 17:12 | Build | Farm |
| 17:14 | Build | Mill |
| 17:20 | Build | Farm |
| 17:27 | Build | Farm |
| 17:38 | Research | Wheelbarrow |
| 17:47 | Create | Villager (Male) |
| 17:47 | Create | Villager (Male) |
| 17:53 | Build | Farm |
| 17:54 | Build | Farm |
| 17:56 | Create | Villager (Male) |
| 17:57 | Create | Villager (Male) |
| 17:59 | Create | Villager (Male) |
| 18:04 | Build | Farm |
| 18:19 | Build | Farm |
| 18:27 | Build | Farm |
| 18:31 | Create | Villager (Male) |
| 18:41 | Build | House |
| 18:42 | Build | House |
| 18:59 | Create | Villager (Male) |
| 19:04 | Build | Lumber Camp |
| 19:10 | Create | Villager (Male) |
| 19:11 | Create | Villager (Male) |
| 19:12 | Create | Villager (Male) |
| 19:12 | Create | Villager (Male) |
| 19:26 | Create | Villager (Male) |
| 19:27 | Create | Villager (Male) |
| 19:55 | Build | Siege Workshop |
| 19:57 | Create | Villager (Male) |
| 19:58 | Create | Villager (Male) |
| 20:04 | Build | Farm |
| 20:13 | Build | Farm |
| 20:29 | Research | Husbandry |
| 20:30 | Create | Knight |
| 20:30 | Create | Knight |
| 20:30 | Create | Knight |
| 20:30 | Create | Knight |
| 20:39 | Create | Knight |
| 20:48 | Research | Hand Cart |
| 20:54 | Research | Bow Saw |
| 21:01 | Build | Farm |
| 21:05 | Create | Villager (Male) |
| 21:07 | Create | Villager (Male) |
| 21:11 | Build | House |
| 21:12 | Build | House |
| 21:13 | Build | House |
Match timeline
| 7:41 | Hellhound · age_up feudal |
| 7:47 | Kratos · age_up feudal |
| 8:26 | QQM · age_up feudal |
| 8:44 | Orryx · age_up feudal |
| 8:50 | Orryx · wall_segment Stone Wall x19 |
| 8:55 | Run Baby Run · age_up feudal |
| 9:02 | lpianistl · first_building Archery Range |
| 9:09 | fbaha · age_up feudal |
| 9:13 | QQM · wall_segment Stone Wall x5 |
| 9:44 | fbaha · wall_segment Stone Wall x17 |
| 10:07 | GimnasiaLP · age_up feudal |
| 10:39 | QQM · wall_segment Stone Wall x7 |
| 10:53 | Orryx · wall_segment Stone Wall x16 |
| 11:09 | QQM · first_building Stable |
| 11:12 | Run Baby Run · wall_segment Stone Wall x19 |
| 12:06 | QQM · first_building Archery Range |
| 12:27 | Kratos · first_building Barracks |
| 12:58 | GimnasiaLP · first_market_sell 100 stone |
| 13:00 | fbaha · wall_segment Stone Wall x6 |
| 13:02 | GimnasiaLP · first_market_buy 100 food |
| 13:10 | QQM · age_up castle |
| 13:37 | GimnasiaLP · age_up castle |
| 13:41 | GimnasiaLP · first_building Monastery |
| 13:46 | GimnasiaLP · first_building Siege Workshop |
| 13:49 | Kratos · age_up castle |
| 14:25 | Kratos · first_building Castle |
| 14:30 | Run Baby Run · age_up castle |
| 14:39 | Run Baby Run · wall_segment Stone Wall x5 |
| 14:53 | Orryx · first_building Archery Range |
| 14:55 | Kratos · first_market_buy 100 food |
| 15:03 | Hellhound · age_up castle |
| 15:06 | Hellhound · first_market_buy 100 stone |
| 15:12 | Kratos · first_market_sell 100 stone |
| 15:13 | lpianistl · wall_segment Stone Wall x10 |
| 15:13 | fbaha · wall_segment Stone Wall x11 |
| 15:14 | Hellhound · first_market_sell 100 food |
| 15:21 | Hellhound · first_building Castle |
| 15:29 | lpianistl · wall_segment Stone Wall x4 |
| 15:49 | fbaha · first_market_buy 500 food |
| 15:51 | fbaha · first_market_sell 100 wood |
| 15:59 | Orryx · age_up castle |
| 15:59 | Kratos · first_building Siege Workshop |
| 16:47 | lpianistl · first_building Barracks |
| 16:48 | Hellhound · wall_segment Stone Wall x5 |
| 16:51 | Hellhound · wall_segment Stone Wall x6 |
| 17:04 | Hellhound · wall_segment Stone Wall x1 |
| 17:18 | Orryx · wall_segment Stone Wall x12 |
| 17:23 | fbaha · first_building Stable |
| 17:56 | Run Baby Run · first_building Barracks |
| 18:03 | GimnasiaLP · age_up imperial |
| 18:40 | Hellhound · first_building Siege Workshop |
| 18:52 | Run Baby Run · first_building Monastery |
| 18:54 | fbaha · age_up castle |
| 18:58 | Hellhound · wall_segment Palisade Wall x4 |
| 19:02 | Hellhound · wall_segment Palisade Wall x10 |
| 19:12 | fbaha · first_building Siege Workshop |
| 19:18 | lpianistl · first_building Castle |
| 19:20 | Hellhound · wall_segment Palisade Wall x2 |
| 19:26 | Kratos · first_building Stable |
| 19:28 | Orryx · first_building Siege Workshop |
| 19:31 | fbaha · first_building Monastery |
| 19:55 | QQM · first_building Siege Workshop |
| 20:27 | fbaha · first_building Castle |
| 21:47 | Run Baby Run · first_building Stable |
| 23:12 | Orryx · first_building Castle |
| 23:53 | QQM · first_market_sell 100 wood |
| 24:07 | Hellhound · wall_segment Stone Wall x25 |
| 24:35 | Hellhound · first_building Monastery |
| 24:56 | GimnasiaLP · wall_segment Stone Wall x33 |
| 25:29 | Run Baby Run · first_building Siege Workshop |
| 25:50 | Run Baby Run · wall_segment Stone Wall x2 |
| 26:03 | Orryx · first_building Monastery |
| 26:12 | QQM · first_building Monastery |
| 26:35 | Orryx · first_building Stable |
| 26:55 | QQM · age_up imperial |
| 27:13 | Kratos · first_building Monastery |
| 27:59 | Run Baby Run · first_building Archery Range |
| 28:10 | Orryx · age_up imperial |
| 28:16 | Hellhound · wall_segment Stone Wall x10 |
| 30:35 | QQM · resign |
| 32:20 | Run Baby Run · first_market_sell 100 food |
| 32:25 | lpianistl · first_building Siege Workshop |
| 32:36 | fbaha · age_up imperial |
| 33:58 | Run Baby Run · first_building Castle |
| 34:12 | fbaha · wall_segment Stone Wall x1 |
| 34:25 | Hellhound · first_building Stable |
| 35:24 | Run Baby Run · age_up imperial |
| 37:56 | Hellhound · age_up imperial |
| 39:02 | GimnasiaLP · first_building Stable |
| 40:26 | Hellhound · first_building Barracks |
[ AI ANALYSIS · 1 CREDIT ]
What really happened in this match?
Wolo.gg analyzes every decision: build order, eco, micro, common mistakes by bracket. Personalized analysis on WhatsApp or Discord in 30 seconds.
Civ guide
Britons
Map guide
Fortress
Perfil
Jugador #19129278